 Dungeon Crawl Stone Soup version 0.31-b1-17-gcfd88c8481 (webtiles) character file.

Game seed: 8347364595786361138

221 Arctor the Vexing (level 5, -3/41 HPs)
             Began as a Gnoll Hexslinger on Jan 15, 2024.
             Was a Believer of Dithmenos.
             Slain by a mummy (14 damage)
             ... in an ossuary.
             The game lasted 00:03:14 (2185 turns).

Arctor the Vexing (Gnoll Hexslinger)                Turns: 2185, Time: 00:03:15

Health: -3/41      AC:  2    Str:  7    XL:     5   Next: 98%
Magic:  10/10      EV: 14    Int: 16    God:    Dithmenos [**....]
Gold:   144        SH:  0    Dex: 15    Spells: 10/10 levels left

rFire   . . .        a - +1 sling
rCold   . . .        (no shield)
rNeg    . . .        c - +0 robe
rPois   .            (no helmet)
rElec   .            (no cloak)
rCorr   .            (no gloves)
SInv    .            (no boots)
Will    .....        (no amulet)
Stlth   ++           (no ring)
HPRegen 0.26/turn    (no ring)
MPRegen 0.12/turn

%: no passive effects
@: on berserk cooldown, wreathed by umbra
A: fangs 1, strong nose, distributed training, clever 1, evolution 1
a: Renounce Religion, Shadow Step


You were in an ossuary.
You worshipped Dithmenos.
Dithmenos was pleased with you.
You visited 1 branch of the dungeon, and saw 4 of its levels.
You also visited: Ossuary.

You collected 144 gold pieces.

Inventory:

Hand Weapons
 a - a +1 sling (weapon)
Missiles
 d - 2 throwing nets
Armour
 c - a +0 robe (worn)
Wands
 n - a wand of light (11)
Scrolls
 b - 2 scrolls of poison
 e - 3 scrolls of teleportation
 g - 2 scrolls of amnesia {unknown}
 h - 7 scrolls of identify {unknown}
 j - a scroll of enchant armour {unknown}
 m - 2 scrolls of vulnerability {unknown}
Potions
 f - a potion of heal wounds
 i - a potion of brilliance


   Skills:
 + Level 3.1 Fighting
 + Level 1.8 Short Blades
 + Level 1.8 Long Blades
 + Level 1.8 Axes
 + Level 1.8 Maces & Flails
 + Level 1.8 Polearms
 + Level 1.8 Staves
 + Level 4.9 Ranged Weapons
 + Level 1.8 Throwing
 + Level 1.8 Armour
 + Level 4.9 Dodging
 + Level 1.8 Stealth
 + Level 1.8 Shields
 + Level 1.8 Unarmed Combat
 + Level 3.3 Spellcasting
 + Level 1.4 Conjurations
 + Level 5.6 Hexes
 + Level 1.4 Summonings
 + Level 1.4 Necromancy
 + Level 1.4 Translocations
 + Level 2.5 Fire Magic
 + Level 1.4 Ice Magic
 + Level 1.4 Air Magic
 + Level 1.4 Earth Magic
 + Level 1.4 Alchemy
 + Level 2.0 Invocations
 + Level 1.8 Evocations
 + Level 1.6 Shapeshifting


You had 10 spell levels left.
You didn't know any spells.
Your spell library contained the following spells:

 Spells                   Type           Power      Damage    Failure   Level
 Jinxbite                 Hex            40%        N/A       2%          2
 Sigil of Binding         Hex            20%        N/A       5%          3
 Inner Flame              Hex/Fire       15%        N/A       10%         3
 Cause Fear               Hex            10%        N/A       19%         4
 Dimensional Bullseye     Hex/Tloc       6%         N/A       38%         4
 Animate Dead             Necr           7%         N/A       69%         4
 Haunt                    Necr/Summ      3%         N/A       100%        7
 Infestation              Necr           3%         N/A       100%        8


Dungeon Overview and Level Annotations

Branches:
Dungeon (4/15)            Ossuary (1/1)
 Temple: D:4-7

Altars:
Dithmenos
Elyvilon
Hepliaklqana
Makhleb
Okawaru
Sif Muna
Vehumet

Shops:
D:3 [


Innate Abilities, Weirdness & Mutations

You have very sharp teeth.
Your uncanny sense of smell can sniff out nearby items.
Your experience applies equally to all skills.
Your mind is acute. (Int +4, Str/Dex -1)
You have hidden genetic potential.


Message History

You destroy the human zombie!
Dithmenos accepts your kill.
Your Invocations skill increases to level 2!
You shoot a sling bullet.
The sling bullet hits the goblin zombie.
The goblin zombie is heavily damaged.
The goblin zombie closely misses you. The goblin zombie barely misses you.
You shoot a sling bullet.
The sling bullet hits the goblin zombie.
The goblin zombie is severely damaged.
The goblin zombie hits you but does no damage.
You shoot a sling bullet.
The sling bullet hits the goblin zombie.
You destroy the goblin zombie!
Dithmenos accepts your kill.
You shoot a sling bullet.
The sling bullet hits the mummy but does no damage.
The mummy barely misses you.
You shoot a sling bullet. The sling bullet hits the mummy.
The mummy is moderately damaged.
You feel a little less clever now. The mummy hits you!
You are too injured to fight recklessly!
You are too injured to fight recklessly!
You are too injured to fight recklessly!
You shoot a sling bullet.
The sling bullet hits the mummy but does no damage.
The mummy is moderately damaged.
You feel yourself speed up. The mummy closely misses you.
You shoot a sling bullet. The sling bullet hits the mummy.
The mummy is moderately damaged.
The mummy closely misses you.
You shoot a sling bullet. The sling bullet hits the mummy.
The mummy is heavily damaged.
The mummy hits you.
* * * LOW HITPOINT WARNING * * *
Okay, then.
The mummy hits you!
You die...

..................#
..................#
...........##.....#
...........##.....#
..................#
...............Z..#
.#####.........'###
..............Z#M!#
...∩...........#@!#
###################


You could see a mummy, a rat zombie and a human zombie.

Vanquished Creatures
  A hound (D:4)
  2 human zombies (Ossuary)
  A hound zombie (Ossuary)
  5 adders
  A ribbon worm (D:3)
  3 dart slugs
  6 endoplasms
  A giant cockroach (D:3)
  7 goblins
  8 hobgoblins
  4 jackals (D:1)
  2 quokkas
  4 ball pythons
  3 bats
  3 frilled lizards
  A goblin zombie (Ossuary)
  3 kobolds
  2 orc zombies (Ossuary)
  8 rats
65 creatures vanquished.

Notes
Turn   | Place    | Note
-------+----------+-------------------------------------------
     0 | D:1      | Arctor the Gnoll Hexslinger began the quest for the Orb.
     0 | D:1      | Reached XP level 1. HP: 17/17 MP: 4/4
   162 | D:1      | Reached XP level 2. HP: 23/23 MP: 5/5
   376 | D:1      | Reached XP level 3. HP: 28/28 MP: 7/7
   707 | D:2      | Noticed a shining eye
   707 | D:2      | Found a faded altar of an unknown god.
   720 | D:2      | Noticed a great orb of eyes
   747 | D:2      | Noticed a golden eye
   747 | D:2      | Noticed a glass eye
   771 | D:2      | Reached skill level 1 in Invocations
   839 | D:2      | Reached skill level 1 in Short Blades
   839 | D:2      | Reached skill level 1 in Long Blades
   839 | D:2      | Reached skill level 1 in Axes
   839 | D:2      | Reached skill level 1 in Maces & Flails
   839 | D:2      | Reached skill level 1 in Polearms
   839 | D:2      | Reached skill level 1 in Staves
   839 | D:2      | Reached skill level 1 in Throwing
   839 | D:2      | Reached skill level 1 in Armour
   839 | D:2      | Reached skill level 1 in Stealth
   839 | D:2      | Reached skill level 1 in Shields
   839 | D:2      | Reached skill level 1 in Unarmed Combat
   839 | D:2      | Reached skill level 1 in Evocations
   953 | D:2      | Prayed at the altar of an unknown god.
   953 | D:2      | Became a worshipper of Dithmenos the Shadowed
   953 | D:2      | Reached * piety under Dithmenos
   980 | D:2      | Found a burning altar of Makhleb.
  1111 | D:2      | Reached skill level 1 in Shapeshifting
  1111 | D:2      | Reached XP level 4. HP: 34/34 MP: 8/8
  1271 | D:3      | Found a burning altar of Makhleb.
  1271 | D:3      | Found a white marble altar of Elyvilon.
  1271 | D:3      | Found a hazy altar of Hepliaklqana.
  1359 | D:3      | Found an iron altar of Okawaru.
  1454 | D:3      | Found Safuonud's Antique Armour Boutique.
  1481 | D:3      | Reached skill level 1 in Conjurations
  1481 | D:3      | Reached skill level 1 in Summonings
  1481 | D:3      | Reached skill level 1 in Necromancy
  1481 | D:3      | Reached skill level 1 in Translocations
  1481 | D:3      | Reached skill level 1 in Ice Magic
  1481 | D:3      | Reached skill level 1 in Air Magic
  1481 | D:3      | Reached skill level 1 in Earth Magic
  1481 | D:3      | Reached skill level 1 in Alchemy
  1490 | D:3      | Found a shimmering blue altar of Sif Muna.
  1845 | D:4      | Found a radiant altar of Vehumet.
  1861 | D:4      | Reached ** piety under Dithmenos
  2032 | D:4      | Reached XP level 5. HP: 38/40 MP: 9/9
  2104 | D:4      | Found a sand-covered staircase.
  2109 | Ossuary  | Entered an ossuary
  2167 | Ossuary  | Gained mutation: Your mind is acute. (Int +4, Str/Dex -1)
                  | [potion of mutation]
  2167 | Ossuary  | Gained mutation: You have hidden genetic potential. [potion
                  | of mutation]
  2185 | Ossuary  | Slain by a mummy

Illustrated notes

Levels and vault maps discovered:
D:1:      dpeg_arrival_connections, layout_loops_ring, serial_glass,
          glass_columns_b, glass_columns_a, glass_columns_a, glass_columns_b
D:2:      layout_basic, hellmonk_ecumenical_altar_watching_god, basic_altar
D:3:      layout_basic, nicolae_sif_muna_condensation,
          mainiacjoe_overflow_catwalk,
          chequers_temple_overflow_statue_of_worship, serial_shops,
          nicolae_shop_tiny_statue_garden
D:4:      layout_basic, grunt_temple_overflow_gold_and_silver, vehumet_crystals,
          enter_ossuary_5
Ossuary:  ossuary_minmay_tomb_2a

Skill      XL: |  1  2  3  4  5 |
---------------+----------------+-----
Fire Magic     | 2 |  2.5
Invocations    | 1 2 |  2.0
Short Blades   | 1 |  1.8
Long Blades    | 1 |  1.8
Axes           | 1 |  1.8
Maces & Flails | 1 |  1.8
Polearms       | 1 |  1.8
Staves         | 1 |  1.8
Throwing       | 1 |  1.8
Armour         | 1 |  1.8
Stealth        | 1 |  1.8
Shields        | 1 |  1.8
Unarmed Combat | 1 |  1.8
Evocations     | 1 |  1.8
Shapeshifting  | 1 |  1.6
Spellcasting   | 3 |  3.3
Conjurations   | 1 |  1.4
Summonings     | 1 |  1.4
Necromancy     | 1 |  1.4
Translocations | 1 |  1.4
Ice Magic      | 1 |  1.4
Air Magic      | 1 |  1.4
Earth Magic    | 1 |  1.4
Alchemy        | 1 |  1.4
Fighting       | 3 |  3.1
Ranged Weapons | |  4.9
Dodging        | |  4.9
Hexes          | |  5.6

Action                     |  1- 3 |  4- 6 || total
---------------------------+-------+-------++-------
  Melee: Sling             |       |    14 ||    14
         Punch             |       |     1 ||     1
         Bite              |       |     1 ||     1
   Fire: Sling             |   117 |   113 ||   230
    Use: Potion            |       |     7 ||     7
         Scroll            |       |     1 ||     1
 Armour: Robe              |    37 |    37 ||    74
  Dodge: Dodged            |    41 |    68 ||   109
